AoeStats
← Anarky

Runestones

508451609Analyzed
1v1 RM · 11d ago on Sep 22, 2026· 37m 44s· 2 players
Game mode
Random Map
Map size
Tiny (2 player)
Population
200
Speed
Normal
Resources
Standard
Victory
Conquest
Starting age
Dark Age
Ending age
Imperial Age
RankedLock teamsTeams togetherTeam positionsShared explorationLock speedFull tech treeHidden civsTurbo modeCheats
Victory
Defeat
🇳🇱 Vietnamese · Netherlands
1250
+15
🇮🇹 Japanese · Italy
1231
-15
Anarky
6:22 Loom
9:47 Feudal Age
9:48 Man-at-Arms
15:38 Wheelbarrow
17:18 Double-Bit Axe
20:04 Horse Collar
23:39 Castle Age
22:31 Scale Mail Armor
23:34 Forging
24:03 Long Swordsman
25:59 Chain Mail Armor
25:33 Gambesons
25:33 Elite Skirmisher
26:22 Fletching
29:38 Padded Archer Armor
31:09 Iron Casting
33:52 Bow Saw
36:02 Sanctity
36:12 Squires
Theurarthur
7:21 Loom
9:51 Feudal Age
9:54 Man-at-Arms
18:29 Double-Bit Axe
19:08 Fletching
23:10 Castle Age
22:52 Padded Archer Armor
26:41 Thumb Ring
26:35 Horse Collar
28:11 Leather Archer Armor
28:49 Crossbowman
29:58 Bodkin Arrow
31:42 Scale Barding Armor
34:01 Scale Mail Armor
Connection lost

Rejoining the realm…

Still unreachable

The connection could not be restored.

Session expired

The server has moved on; the page needs a fresh start.